 Dungeon Crawl Stone Soup version 0.31.0-32-g396128a36d (webtiles) character file.

Game seed: 16922920657600025576

1357 Peloso the Slasher (level 8, -8/70 HPs)
             Began as a Minotaur Fighter on Mar 15, 2024.
             Was a Follower of Okawaru.
             Killed from afar by an acid dragon (26 damage)
             ... with a splash of acid
             ... on level 6 of the Dungeon.
             The game lasted 00:09:33 (4919 turns).

Peloso the Slasher (Minotaur Fighter)               Turns: 4919, Time: 00:09:34

Health: -8/70      AC: 10    Str: 20    XL:     8   Next: 37%
Magic:  7/7        EV:  9    Int:  5    God:    Okawaru [*.....]
Gold:   284        SH:  5    Dex: 13    Spells: 7/7 levels left

rFire   . . .        a - +0 long sword
rCold   . . .        d - +0 buckler
rNeg    . . .        f - +0 chain mail
rPois   +            (helmet currently unavailable)
rElec   .            (cloak currently unavailable)
rCorr   .            (gloves currently unavailable)
SInv    .            c - melded +0 pair of boots
Will    .....        (no amulet) Stlth
                     k - ring of poison resistance
HPRegen 0.31/turn    (no ring)
MPRegen 0.10/turn

%: no passive effects
@: beast-form, marked
A: beast (slay +1), horns 2, retaliatory headbutt
a: Begin Untransformation, Renounce Religion, Heroism


You were on level 6 of the Dungeon.
You worshipped Okawaru.
Okawaru was aware of your devotion.
You were a hulking beast.
You visited 1 branch of the dungeon, and saw 6 of its levels.

You collected 284 gold pieces.

Inventory:

Hand Weapons
 a - a +0 long sword (weapon)
 b - the +7 trident of Guilt {freeze, rPois}
   (You found it on level 6 of the Dungeon)

   rPois:     It protects you from poison
Armour
 c - a +0 pair of boots (melded)
 d - a +0 buckler (worn)
 f - a +0 chain mail (worn)
Jewellery
 k - a ring of poison resistance (left hand)
 u - a ring of ice
Talismans
 o - a beast talisman (active)
Wands
 r - a wand of polymorph (11)
Scrolls
 h - a scroll of torment {unknown}
 j - a scroll of acquirement
 l - 3 scrolls of teleportation
 m - 3 scrolls of identify {unknown}
 q - a scroll of revelation {unknown}
 s - a scroll of silence {unknown}
 w - a scroll of vulnerability
 x - a scroll of amnesia {unknown}
 y - a scroll of noise {unknown}
 z - a scroll of blinking {unknown}
Potions
 e - a potion of haste
 g - 3 potions of might
 i - 4 potions of curing
 n - a potion of attraction {unknown}
 p - a potion of invisibility {unknown}
 t - 2 potions of cancellation {unknown}
 v - 2 potions of resistance {unknown}
 A - a potion of brilliance {unknown}
 B - a potion of lignification {unknown}
 C - a potion of berserk rage {unknown}


   Skills:
 + Level 5.8 Fighting
 + Level 7.3 Long Blades
 + Level 6.7 Armour
 + Level 3.1 Dodging
 + Level 0.6 Stealth
 + Level 6.0 Shields
 + Level 1.8 Shapeshifting


You had 7 spell levels left.
You didn't know any spells.
Your spell library contained the following spells:

 Spells                   Type           Power      Damage    Failure   Level
 Apportation              Tloc           0%         N/A       99%         1
 Magic Dart               Conj           0%         1d3       99%         1
 Necrotise                Necr           0%         1d4       99%         1
 Sting                    Conj/Alch      0%         1d3       99%         1
 Blink                    Tloc           0%         N/A       99%         2
 Fugue of the Fallen      Necr           0%         N/A       100%        3
 Ozocubu's Armour         Ice            0%         N/A       100%        3
 Stone Arrow              Conj/Erth      0%         3d7       100%        3
 Manifold Assault         Tloc           0%         N/A       100%        4
 Lehudib's Crystal Spear  Conj/Erth      0%         10d2      100%        8
 Chain Lightning          Conj/Air       0%         N/A       100%        9
 Fire Storm               Conj/Fire      0%         5d1       100%        9
 Shatter                  Erth           0%         3d5*      100%        9
 Summon Small Mammal      Summ           Unusable   N/A       N/A         1
 Call Imp                 Summ           Unusable   N/A       N/A         2
 Animate Armour           Summ/Erth      Unusable   N/A       N/A         4

Dungeon Overview and Level Annotations

Branches:
Dungeon (6/15)
 Temple: D:4-7

Altars:
Elyvilon
Okawaru
Qazlal
Wu Jian

Shops:
D:3 !   D:4 *


Innate Abilities, Weirdness & Mutations

You are a hulking beast.
Your limbs bulge with bestial killing power. (Slay +1)
You have a pair of horns on your head.
You reflexively headbutt those who attack you in melee.


Message History

The bolt of electricity hits you!
Unknown command.
Aiming: Polymorph
Press: ? - help, Shift-Dir - straight line, f - electric eel
Aim: an electric eel (will become an adder, a river rat, or an acid dragon, chance to affect: 57%)
The electric eel evaporates and reforms as an acid dragon!
The electric eel shoots out a bolt of lightning at you!
The bolt of electricity hits you.
You hit the acid dragon but do no damage.
Your headbutt misses the acid dragon. You block the acid dragon's attack.
The acid dragon closely misses you.
You hit the acid dragon but do no damage.
You headbutt the acid dragon.
The acid dragon is lightly wounded.
You block the acid dragon's attack.
The acid dragon claws you but does no damage.
You barely miss the acid dragon.
The acid dragon is lightly wounded.
The acid dragon closely misses you. You block the acid dragon's attack.
You hit the acid dragon but do no damage.
The acid dragon is lightly wounded.
The acid dragon bites you! The acid dragon claws you.
You closely miss the acid dragon. You headbutt the acid dragon.
The acid dragon is moderately wounded.
The acid dragon barely misses you.
The acid dragon claws you but does no damage.
You slash the acid dragon!
The acid dragon is heavily wounded.
The acid dragon bites you!
* * * LOW HITPOINT WARNING * * *
The acid dragon barely misses you.
You hit the acid dragon.
The acid dragon is heavily wounded.
You block the acid dragon's attack.
The acid dragon claws you but does no damage.
You hit the acid dragon but do no damage.
The acid dragon is heavily wounded.
The acid dragon spits acid at you. The splash of acid hits you!!
You die...

.........# #..#
.......$.# ##.##
~P.~P....### ##.##
♣....#### ##.##
♣.#......#####.##
♣..#............#
#..##.......##..##
#...
#.D......##.##
#..#
#.h......###.####
### ##......<#
#....### #.......#
#......# +.......#
##.....# #.......#
#......
###.#######
#...... #...#
##..... #.####
#..... #....###
##....


You could see an acid dragon (catching breath).

Vanquished Creatures
  Grinder (D:4)
  A black bear (D:5)
  A phantom (D:5)
  A gnoll sergeant (D:4)
  3 scorpions
  A bombardier beetle (D:4)
  4 hounds
  3 orc priests
  A jelly (D:4)
  2 sleepcaps (D:4)
  An iguana (D:4)
  4 orc wizards
  Natasha (thrice) (D:3)
  Terence (D:3)
  Robin (D:3)
  4 gnolls (D:4)
  5 adders
  A shadow imp (D:6)
  6 dart slugs
  A ribbon worm (D:2)
  15 orcs
  5 ball pythons
  5 bats
  4 endoplasms
  2 giant cockroaches (D:4)
  16 goblins
  9 hobgoblins
  11 jackals
  6 quokkas
  3 frilled lizards
  3 kobolds
  11 rats
135 creatures vanquished.

Notes
Turn   | Place    | Note
-------+----------+-------------------------------------------
     0 | D:1      | Peloso the Minotaur Fighter began the quest for the Orb.
     0 | D:1      | Reached XP level 1. HP: 19/19 MP: 0/0
   121 | D:1      | Reached XP level 2. HP: 27/27 MP: 1/1
   688 | D:1      | Reached XP level 3. HP: 32/33 MP: 2/2
  1010 | D:2      | Reached skill level 3 in Long Blades
  1019 | D:2      | Reached skill level 1 in Dodging
  1328 | D:2      | Identified a scroll of acquirement
  1605 | D:3      | Noticed Terence
  1606 | D:3      | Noticed Natasha
  1619 | D:3      | Killed Natasha
  1620 | D:3      | Reached XP level 4. HP: 28/40 MP: 3/3
  1625 | D:3      | Killed Terence
  1788 | D:3      | Found a faded altar of an unknown god.
  1962 | D:3      | Found Tithaum's Distillery.
  2118 | D:3      | Reached XP level 5. HP: 46/46 MP: 4/4
  2300 | D:3      | Noticed Natasha
  2308 | D:3      | Reached skill level 5 in Armour
  2314 | D:3      | Killed Natasha
  2430 | D:3      | Noticed Natasha
  2440 | D:3      | Killed Natasha
  2669 | D:4      | Reached skill level 4 in Long Blades
  2673 | D:4      | Noticed Grinder
  2686 | D:4      | Reached XP level 6. HP: 42/53 MP: 5/5
  2699 | D:4      | Killed Grinder
  2700 | D:4      | Reached skill level 5 in Shields
  2772 | D:4      | Noticed Robin
  2800 | D:3      | Killed Robin
  2894 | D:4      | Reached XP level 7. HP: 55/60 MP: 6/6
  2904 | D:4      | Reached skill level 5 in Fighting
  2904 | D:4      | Reached skill level 5 in Long Blades
  3136 | D:4      | Found an iron altar of Okawaru.
  3138 | D:4      | Found an ornate altar of the Wu Jian Council.
  3151 | D:4      | Became a worshipper of Warmaster Okawaru
  3163 | D:4      | Reached skill level 1 in Shapeshifting
  3173 | D:4      | Reached skill level 6 in Long Blades
  3404 | D:4      | Found Ibett's Fire Supplies.
  3982 | D:5      | Entered Level 5 of the Dungeon
  4069 | D:5      | Reached XP level 8. HP: 53/69 MP: 7/7
  4191 | D:5      | Found a white marble altar of Elyvilon.
  4230 | D:5      | Reached skill level 7 in Long Blades
  4242 | D:5      | Reached * piety under Okawaru
  4698 | D:5      | Found a stormy altar of Qazlal.
  4869 | D:6      | Identified the +7 trident of Guilt {freeze, rPois}
  4919 | D:6      | Killed from afar by an acid dragon

Illustrated notes

Levels and vault maps discovered:
D:1:      dpeg_arrival_fog, layout_basic, minmay_misc_feat_hallway,
          minmay_rat_gold_closets
D:2:      layout_rooms
D:3:      layout_basic, serial_shops, shop, ebering_ecumenical_altar_mist,
          uniq_terence, uniq_natasha
D:4:      layout_loops_corners, mainiacjoe_overflow_big_doors,
          hangedman_decor_riveting, nicolae_shop_fire_sale
          [nicolae_sub_dead_trees], uniq_grinder, uniq_robin
D:5:      layout_loops_ring, nicolae_qazlal_scattered_showers,
          lemuel_doored_altar, hex_large
D:6:      layout_cave_pods, lightli_sewer_entry_pipes, dk_vineyard_2,
          serial_bayou_ford_a, corexii_checkpoint, kennysheep_decorative_pillar,
          glass_columns_a, serial_library_regret_index_branch_corner,
          uniq_jeremiah

Skill      XL: |  1  2  3  4  5  6  7  8 |
---------------+-------------------------+-----
Armour         | 4 5 6 |  6.7
Shields        | 4 5 6 |  6.0
Fighting       | 4 5 |  5.8
Long Blades    | 3 4 6 7 |  7.3
Dodging        | 1 2 3 |  3.1
Shapeshifting  | 1 |  1.8
Stealth        | |  0.6

Action                     |  1- 3 |  4- 6 |  7- 9 || total
---------------------------+-------+-------+-------++-------
  Melee: Long sword        |   106 |   115 |   151 ||   372
         Headbutt          |    16 |    12 |    46 ||    74
  Evoke: Wand              |       |       |     1 ||     1
    Use: Scroll            |     4 |       |       ||     4
         Potion            |     4 |       |       ||     4
 Armour: Scale mail        |    90 |    13 |       ||   103
         Chain mail        |       |    92 |   109 ||   201
  Dodge: Dodged            |    58 |    40 |    59 ||   157
  Block: Buckler           |    24 |    38 |    31 ||    93
   Form: Beast             |       |     1 |       ||     1
